 Dungeon Crawl Stone Soup version 0.29-a0-43-g62a80824bf (webtiles) character file.

Game seed: 13754434954834468667

9 bande the Skirmisher (level 2, 17/20 HPs)
             Began as a Gargoyle Fighter on Feb 3, 2022.
             Quit the game on level 1 of the Dungeon.
             The game lasted 00:00:54 (469 turns).

bande the Skirmisher (Gargoyle Fighter)              Turns: 469, Time: 00:00:55

Health: 17/20      AC:  6    Str: 19    XL:     2   Next: 16%
Magic:  2/2        EV:  9    Int:  8    God:
Gold:   12         SH:  4    Dex:  7    Spells: 1/1 levels left

rFire   . . .      SeeInvis .   a - +0 war axe
rCold   . . .      Faith    .   c - +0 buckler
rNeg    + . .      Spirit   .   b - +0 scale mail
rPois   ∞          Reflect  .   (no helmet)
rElec   +          Harm     .   (no cloak)
rCorr   .          Rampage  .   (no gloves)
Will    +....                   (no boots)
Stlth   ..........              (no amulet)
HPRegen 0.06/turn               (no ring)
MPRegen 0.08/turn               (no ring)

@: no status effects
A: sickness immunity, AC +2, negative energy resistance 1, electricity
resistance, torment resistance 1, petrification resistance, clumsy 1, deformed
body, strong-willed 1
a: no special abilities


You were on level 1 of the Dungeon.
You visited 1 branch of the dungeon, and saw 1 of its levels.

You collected 12 gold pieces.

Inventory:

Hand Weapons
 a - a +0 war axe (weapon)
Armour
 b - a +0 scale mail (worn)
 c - a +0 buckler (worn)
Scrolls
 g - a scroll of identify
Potions
 d - a potion of might


   Skills:
 + Level 3.6 Fighting
 + Level 1.7 Axes
 + Level 3.3 Armour
 + Level 3.5 Shields


You had one spell level left.
You didn't know any spells.
Your spell library was empty.

Dungeon Overview and Level Annotations

Branches:
Dungeon (1/15)

Altars:


Innate Abilities, Weirdness & Mutations

You are immune to sickness and miasma.
Your stone body is resilient. (AC +2)
You are immune to poison.
You resist negative energy. (rN+)
You are resistant to electric shocks. (rElec)
You are resistant to unholy torment.
You are immune to petrification.
You are clumsy. (Dex -2)
Armour fits poorly on your strangely shaped body.
You are strong-willed. (Will+)


Message History

You have reached level 2!
g - a scroll labelled EPOAMO BOVE
g - 2 scrolls labelled EPOAMO BOVE (gained 1)
You open the door.
There is an open door here.
An endoplasm comes into view.
The endoplasm freezes you.
You are frozen.
You slash the endoplasm!
You kill the endoplasm!
No target in view!
No target in view!
No target in view!
As you read the scroll labelled COSTRI RICRAI, it crumbles to dust.
You feel strangely unstable.
It was a scroll of teleportation.
As you read the scroll labelled EPOAMO BOVE, it crumbles to dust.
It is a scroll of identify.
f - 2 potions of mutation Really quaff the potion of mutation?
You feel extremely strange.
You feel the urge to shout.
You feel clever.
Your surroundings suddenly seem different.
A ball python comes into view.
The ball python hisses angrily.
You closely miss the ball python. The ball python bites you.
The ball python grabs you. The ball python constricts you.
The ball python bites you but does no damage.
The ball python constricts you.
You hit the ball python.
You kill the ball python!
No target in view!
No target in view!
No target in view!
No target in view!
No target in view!
Really quaff the potion of mutation?
You feel extremely strange.
You feel stupid.
Your urge to shout disappears.
You feel strong-willed.
Your body twists and deforms.
You feel clumsy.
Are you sure you want to abandon this character and quit the game? (Confirm with "yes".)

............ #.#
###..##.... #.# #
##.## . #.# # #..#
#.# # ##.## #.# #
#†># #.# # #..# # #.#
# #..# #.#.#######
#..##### #..@......#
##......#...#†#####.#
#..####.#.#.#.# #.##
# # #.# #.# #.#
####.# ... .)...# #.#
###..# ..# #..#


There were no monsters in sight!

Vanquished Creatures
  A dart slug (D:1)
  3 ball pythons (D:1)
  An endoplasm (D:1)
  A quokka (D:1)
  A frilled lizard (D:1)
  A rat (D:1)
8 creatures vanquished.

Notes
Turn   | Place    | Note
-------+----------+-------------------------------------------
     0 | D:1      | bande the Gargoyle Fighter began the quest for the Orb.
     0 | D:1      | Reached XP level 1. HP: 14/14 MP: 1/1
   432 | D:1      | Reached XP level 2. HP: 19/19 MP: 2/2
   464 | D:1      | Gained mutation: You occasionally shout uncontrollably at
                  | your foes. [potion of mutation]
   464 | D:1      | Gained mutation: Your mind is acute. (Int +2) [potion of
                  | mutation]
   468 | D:1      | Lost mutation: Your mind is acute. (Int +2) [potion of
                  | mutation]
   468 | D:1      | Lost mutation: You occasionally shout uncontrollably at
                  | your foes. [potion of mutation]
   468 | D:1      | Gained mutation: You are strong-willed. (Will+) [potion of
                  | mutation]
   468 | D:1      | Gained mutation: Armour fits poorly on your strangely
                  | shaped body. [potion of mutation]
   468 | D:1      | Gained mutation: You are clumsy. (Dex -2) [potion of
                  | mutation]
   469 | D:1      | Quit the game

Illustrated notes

Levels and vault maps discovered:
D:1:      dpeg_arrival_water_fire, layout_basic

Action                   || total
-------------------------++-------
Melee: War axe           ||    42
  Use: Scroll            ||     2
       Potion            ||     2
Armor: Scale mail        ||    23
Dodge: Dodged            ||    21
Block: Buckler           ||    10

Table legend: (Time is in decaauts)
 A = Elapsed time spent in this place.
 B = Non-inter-level travel time spent in this place.
 C = Inter-level travel time spent in this place.
 D = Time resting spent in this place.
 E = Time spent auto-exploring this place.
 F = Levels seen in this place.
 G = Mean time per level.
                   A        B        C        D        E       F      G
               +--------+--------+--------+--------+--------+-----+--------+
         Total |    488 |    488 |      0 |      0 |    392 |   1 |  488.0 |
       Dungeon |    488 |    488 |      0 |      0 |    392 |   1 |  488.0 |
               +--------+--------+--------+--------+--------+-----+--------+

Top non-repeatable levels by time:
     D:1: 488 daAuts
